cohdb
Replays
Latest Replays
All Replays
Popular Replays
Top Player Replays
Match Explorer
How It Works
Community
CoH3 Stats
Reddit
Sign in to upload your games and track your stats! →
Sign in with Steam
8 rad(Rat) and panters
Match 28316895
Overview
Messages
Build Orders
End
Scout Squad
Selects Airborne Battlegroup
Selects Pathfinders
Construct Barracks
Riflemen Squad
Riflemen Squad
Riflemen Squad
Infantry Support Center
M1918 Browning Automatic Rifles
Construct Medical Station
Riflemen Squad
Selects Paratrooper Squad Paradrop
Selects Anti-tank Gun Team Paradrop
Anti-tank Gun Team Paradrop
Construct Tank Depot
M18 Hellcat Tank Destroyer
Selects Recon Loiter
Selects Supply Drop
Recon Loiter
Grenade Package
Riflemen Squad
Recon Loiter
M4(105) Sherman Bulldozer
Recon Loiter
Engineer Squad
Selects Dual P-47 Rocket Strike
Recon Loiter
M4(105) Sherman Bulldozer
Stana
RtN.momo4sho
0
0
Comments
sign in to comment!
No comments posted yet!